 Dungeon Crawl Stone Soup version 0.27.1 (webtiles) character file.

Game seed: 15079611503267619872

53 Malachi the Chucker (level 3, -1/35 HPs)
             Began as a Troll Hunter on Aug 21, 2021.
             Slain by a hobgoblin (5 damage)
             ... led by Robin
             ... on level 2 of the Dungeon.
             The game lasted 00:01:56 (1154 turns).

Malachi the Chucker (Troll Hunter)                  Turns: 1154, Time: 00:01:57

Health: -1/35      AC:  4    Str: 21    XL:     3   Next: 64%
Magic:  2/2        EV: 10    Int:  7    God:
Gold:   50         SH:  0    Dex: 10    Spells: 2/2 levels left

rFire    . . .     SeeInvis .     - Unarmed
rCold    . . .     Faith    .   (no shield)
rNeg     . . .     Spirit   .   b - +0 robe
rPois    .         Reflect  .   (helmet restricted)
rElec    .         Harm     .   (no cloak)
rCorr    .         Rampage  .   (gloves unavailable)
Will     .....                  (boots unavailable)
Stlth    +.........             (no amulet)
HPRegen  1.11/turn              (no ring)
MPRegen  0.08/turn              (no ring)

@: no status effects
A: large, unfitting armour, claws 3, regeneration 1, shaggy fur 1, tough skin 1
a: no special abilities


You were on level 2 of the Dungeon.
You visited 1 branch of the dungeon, and saw 2 of its levels.

You collected 50 gold pieces.

Inventory:

Hand Weapons
 a - a +0 short sword
Missiles
 c - 5 large rocks (quivered)
 d - 2 throwing nets
Armour
 b - a +0 robe (worn)
Scrolls
 e - a scroll of holy word {unknown}
 f - 3 scrolls of identify {unknown}
 h - a scroll of enchant armour {unknown}
 i - a scroll of vulnerability {unknown}
Potions
 g - 2 potions of lignification {unknown}
 j - a potion of flight {unknown}
 k - a potion of curing {unknown}


   Skills:
 + Level 1.8 Fighting
 + Level 4.3 Throwing
 + Level 1.9 Dodging
 + Level 0.3 Stealth
 + Level 1.2 Unarmed Combat


You had 2 spell levels left.
You didn't know any spells.
Your spell library was empty.

Dungeon Overview and Level Annotations

Branches:
Dungeon (2/15)

Altars:

Annotations:
D:2 Robin


Innate Abilities, Weirdness & Mutations

You are too large for most types of armour.
You have claws for hands.
Your natural rate of healing is unusually fast.
You are covered in fur. (AC +1)
You have tough skin. (AC +1)


Message History

You claw the goblin!
You kill the goblin!
Robin hits you from afar with a +0 trident.
The hobgoblin hits you but does no damage.
A goblin comes into view. It is wielding a +0 dagger.
The goblin hits you with a +0 club. The goblin hits you with a +0 dagger.
You barely miss the hobgoblin.
Robin hits you from afar with a +0 trident.
The hobgoblin hits you but does no damage.
The goblin closely misses you. The hobgoblin hits you.
The goblin closely misses you.
You closely miss the hobgoblin.
Robin roars a battlecry!
The goblins go into a battle-frenzy!
The hobgoblin barely misses you. The goblin hits you with a +0 club.
The hobgoblin barely misses you. The goblin hits you with a +0 dagger.
You hear a shout!
Robin throws the goblin at you! The hobgoblin misses you.
The goblin hits you with a +0 dagger.
You see here a frilled lizard corpse.
You barely miss the goblin.
Robin hits you from afar with a +0 trident.
* * * LOW HITPOINT WARNING * * *
The hobgoblin hits you but does no damage.
The goblin hits you with a +0 dagger.
* * * LOW HITPOINT WARNING * * *
You barely miss the goblin. Robin misses you. The hobgoblin closely misses you.
A goblin comes into view. It is wielding a +0 dagger.
The hobgoblin closely misses you. The goblin hits you with a +0 dagger.
* * * LOW HITPOINT WARNING * * *
You miss the goblin.
Robin hits you from afar with a +0 trident.
* * * LOW HITPOINT WARNING * * *
The hobgoblin closely misses you. The goblin closely misses you.
You scratch the goblin.
You kill the goblin!
Robin roars a battlecry!
The goblin goes into a battle-frenzy!
The hobgoblin hits you.
You die...

....#.....).......
.##.......##########
....#...#....... ..#
#.#.#.###.########.##
..#...# #.# #...
###.### #.# #.g#
###.#####.# #.g#
........#.#######gg#
######.##......)@gg#
#.###########g#
#.............#
#.###.#####.#.# ###
### #####


You could see Robin, 3 hobgoblins and 3 goblins.

Vanquished Creatures
  A dart slug (D:1)
  6 bats
  8 endoplasms
  3 giant cockroaches
  8 goblins
  2 hobgoblins (D:1)
  3 ball pythons
  5 frilled lizards
  5 kobolds
  4 rats
45 creatures vanquished.

Notes
Turn   | Place    | Note
-------+----------+-------------------------------------------
     0 | D:1      | Malachi the Troll Hunter began the quest for the Orb.
     0 | D:1      | Reached XP level 1. HP: 19/19 MP: 0/0
    71 | D:1      | Reached XP level 2. HP: 28/28 MP: 1/1
    97 | D:1      | Reached skill level 4 in Throwing
   305 | D:1      | Found a faded altar of an unknown god.
   365 | D:1      | Reached XP level 3. HP: 35/35 MP: 2/2
   819 | D:2      | Reached skill level 1 in Unarmed Combat
  1142 | D:2      | Noticed Robin
  1154 | D:2      | Slain by a hobgoblin

Illustrated notes

Levels and vault maps discovered:
D:1:      psy_arrival_dodecagon, layout_loops_ring,
          ebering_ecumenical_altar_ruins, ebering_dispersal_statue_hall,
          minmay_misc_feat_diagonals, corexii_hall_statues_deadend
D:2:      layout_basic, minivault_4, uniq_robin

Skill      XL: |  1  2  3 |
---------------+----------+-----
Throwing       | 4 |  4.3
Unarmed Combat | 1 |  1.2
Fighting       | |  1.8
Dodging        | |  1.9
Stealth        | |  0.3

Action                   || total
-------------------------++-------
Melee: Unarmed           ||   134
 Stab: Sleeping          ||     1
Armor: Robe              ||    66
Dodge: Dodged            ||    85
